 Dungeon Crawl Stone Soup version 0.28.0-45-g0d030f2227 (webtiles) character file.

Game seed: 15377424251687930834

102 Faeu the Covered (level 4, -10/40 HPs)
             Began as a Minotaur Fighter on Apr 2, 2022.
             Killed by divine providence
             ... invoked by an orc priest
              (12 damage)
             ... on level 3 of the Dungeon.
             The game lasted 00:05:09 (1911 turns).

Faeu the Covered (Minotaur Fighter)                 Turns: 1911, Time: 00:05:09

Health: -10/40     AC:  7    Str: 22    XL:     4   Next: 49%
Magic:  3/3        EV:  9    Int:  5    God:
Gold:   120        SH:  4    Dex: 10    Spells: 3/3 levels left

rFire   . . .      SeeInvis .   a - +0 war axe {axe}
rCold   . . .      Faith    .   c - +0 buckler
rNeg    . . .      Spirit   .   b - +0 scale mail
rPois   .          Reflect  .   (helmet restricted)
rElec   .          Harm     .   (no cloak)
rCorr   .          Rampage  .   (no gloves)
Will    .....                   (no boots)
Stlth   ..........              (no amulet)
HPRegen 0.13/turn               (no ring)
MPRegen 0.08/turn               (no ring)

@: no status effects
A: horns 2, retaliatory headbutt
a: no special abilities


You were on level 3 of the Dungeon.
You visited 1 branch of the dungeon, and saw 3 of its levels.

You collected 120 gold pieces.


Innate Abilities, Weirdness & Mutations

You have a pair of horns on your head.
You reflexively headbutt those who attack you in melee.


   Skills:
 + Level 4.2 Fighting
 + Level 3.1 Axes
 + Level 1.4 Throwing
 + Level 4.3 Armour
 + Level 1.3 Dodging
 + Level 4.3 Shields


You had 3 spell levels left.
You didn't know any spells.
Your spell library contained the following spells:

 Spells                   Type           Power      Damage    Failure   Level
 Ensorcelled Hibernation  Hex/Ice        0%         N/A       95%         2
 Passwall                 Tmut/Erth      0%         N/A       95%         2
 Conjure Flame            Conj/Fire      0%         6-21      99%         3
 Ignite Poison            Fire/Tmut/Pois 0%         N/A       99%         3
 Swiftness                Air            0%         N/A       99%         3
 Sticky Flame             Conj/Fire      0%         2d3       100%        4

Inventory:

Hand Weapons
 a - a +0 war axe (weapon) {axe}
 i - a +1 dagger of speed {short}
   (You took it off a kobold on level 2 of the Dungeon)
Armour
 b - a +0 scale mail (worn)
 c - a +0 buckler (worn)
Jewellery
 k - a +6 ring of intelligence
   (You found it on level 2 of the Dungeon)
 o - a ring of ice
   (You found it on level 3 of the Dungeon)
Scrolls
 g - a scroll of amnesia {unknown}
 h - 4 scrolls of teleportation {unknown}
 j - 4 scrolls of identify {unknown}
 l - a scroll of enchant armour {unknown}
 n - a scroll of silence {unknown}
Potions
 d - a potion of might
 e - a potion of ambrosia {unknown}
 f - 3 potions of curing {unknown}
 m - a potion of magic {unknown}

Dungeon Overview and Level Annotations

Branches:
Dungeon (3/15)

Altars:

...#..#.# #.#.#####........
...<#.# #.#.#............
.....####.#..............
#####........###.##......#..
....'..........#.........# .
#####............##.##...#
....##.).....#...##.####.#
....##.##......#.##......#
....+..##....<.#@##.######
....#####.###..#o##.#######
##### #.. #.............# #
### ##.#.##.#####.# #
........# # ###.#.##.# #
#.#.##.# ..... ..#.##.#
##### ####.##.#


You could see an orc priest.


Message History

a +0 club {mace}; 4 stones {throwing}
o - a ring of ice An endoplasm comes into view.
There are no items here.
The endoplasm quivers.
The endoplasm freezes you.
You are frozen. 😕 HP[-5]
You take 5 damage, and now have 28/33 hp.
You hit the endoplasm. The endoplasm barely misses you.
You furiously retaliate!
You headbutt the endoplasm!
You kill the endoplasm! 😕 HP[+1]
j - 4 scrolls labelled YMIMA NITRI (gained 1)
You now have 120 gold pieces (gained 12).
An orc comes into view. It is wielding a +0 war axe.
The orc shouts!
An orc priest comes into view. It is wielding a +0 dagger. 😎 HP[+4]
An orc comes into view. It is wielding a +0 hand axe.
The orc shouts!
The orc priest shouts!
You hear a shout!
An orc priest comes into view. It is wielding a +0 dagger.
An orc comes into view. It is wielding a +0 club.
The orc priest shouts!
The orc shouts!
You block the orc's attack.
You closely miss the orc. You block the orc's attack.
The orc priest looks braver for a moment.
The orc misses you. You furiously retaliate!
You headbutt the orc, but do no damage.
The orc priest invokes the aid of Beogh against you.
Beogh smites you! 😮 HP[-9]
You take 9 damage, and now have 24/33 hp.
MASSIVE DAMAGE!! (PAUSE)
You hit the orc. The orc completely misses you.
You barely miss the orc. Your headbutt misses the orc.
You closely miss the orc. Your headbutt misses the orc.
The orc closely misses you. You furiously retaliate!
You headbutt the orc. You slash the orc!
You kill the orc!
The orc priest calls upon Beogh to heal the orc.
The orc's wounds heal themselves!
You have reached level 4!
You feel agile. 😮 HP[+6] MP[+1]
You now have 40 max hp (+7).
You regained 6 hp, and now have 30/40 hp.
Your mp is fully restored (3).
You hit the orc. You headbutt the orc.
You kill the orc!
You closely miss the orc priest. You headbutt the orc priest!
The orc priest calls down the wrath of Beogh upon you.
Beogh smites you!
* * * LOW HITPOINT WARNING * * *
The orc priest hits you with a +0 dagger.
* * * LOW HITPOINT WARNING * * *
😨 HP[-14]
You take 14 damage, and now have 16/40 hp.
MASSIVE DAMAGE!! (PAUSE)
You completely miss the orc priest. x2; The orc priest closely misses you.
The orc priest calls down the wrath of Beogh upon you.
Pain shoots through your body!
* * * LOW HITPOINT WARNING * * *
The orc priest completely misses you. You furiously retaliate!
You headbutt the orc priest. 😱 HP[-8]
You take 8 damage, and now have 8/40 hp.
You hit the orc priest.
You kill the orc priest!
You closely miss the orc priest. You block the orc priest's attack.
The orc priest hits you with a +0 dagger.
* * * LOW HITPOINT WARNING * * *
😱 HP[-1]
You take 1 damage, and now have 7/40 hp.
You barely miss the orc. You closely miss the orc priest.
The orc hits you with a +0 club.
* * * LOW HITPOINT WARNING * * *
The orc priest calls down the wrath of Beogh upon you.
You barely resist. 😱 HP[-4]
You take 4 damage, and now have 3/40 hp.
You closely miss the orc. You hit the orc priest.
The orc hits you but does no damage.
The orc priest hits you but does no damage.
The orc hits you with a +0 club.
* * * LOW HITPOINT WARNING * * *
The orc priest barely misses you. 😱 HP[-2]
You take 2 damage, and now have 1/40 hp.
You slash the orc!
You kill the orc!
You hit the orc priest. You block the orc priest's attack.
Items here: )))) [[ †.
You barely miss the orc priest.
You block the orc priest's attack. 😱 HP[+1]
You barely miss the orc priest.
The orc priest hits you but does no damage.
The orc priest calls down the wrath of Beogh upon you.
Beogh smites you!
You die...

Skill      XL: |  1  2  3 |
---------------+----------+-----
Shields        | 4 |  4.3
Armour         | 4 |  4.3
Fighting       | 4 |  4.2
Throwing       | 1 |  1.4
Dodging        | 1 |  1.3
Axes           | 3 |  3.1

Action                   |  1- 3 |  4- 6 || total
-------------------------+-------+-------++-------
Melee: War axe           |    89 |     9 ||    98
       Headbutt          |     7 |     2 ||     9
Armor: Scale mail        |    36 |     3 ||    39
Dodge: Dodged            |    58 |     3 ||    61
Block: Buckler           |    16 |     3 ||    19

Levels and vault maps discovered:
D:1:      ebering_hopf_link, layout_basic, nicolae_ecumenical_snake_handling,
          columned_hall_lemuel
D:2:      layout_rooms, minmay_misc_feat_diagonals, minmay_circle_x
D:3:      layout_basic, nicolae_wormholes

Notes
Turn   | Place    | Note
-------+----------+-------------------------------------------
     0 | D:1      | Faeu the Minotaur Fighter began the quest for the Orb.
     0 | D:1      | Reached XP level 1. HP: 19/19 MP: 0/0
     0 | D:1      | magus.rc [v1.9.6]
   260 | D:1      | Reached XP level 2. HP: 27/27 MP: 1/1
   764 | D:1      | Found a faded altar of an unknown god.
   876 | D:1      | You pick up a book of Burglary and begin reading...
   876 | D:1      | You add the spells Passwall, Ensorcelled Hibernation and
                  | Swiftness to your library.
  1018 | D:2      | Reached skill level 4 in Shields
  1024 | D:2      | Reached skill level 4 in Armour
  1105 | D:2      | Reached XP level 3. HP: 33/33 MP: 2/2
  1147 | D:2      | You add the spells Conjure Flame, Ignite Poison and Sticky
                  | Flame to your library.
  1481 | D:2      | Reached skill level 4 in Fighting
  1481 | D:2      | Reached skill level 1 in Throwing
  1550 | D:3      | Reached skill level 1 in Dodging
  1702 | D:3      | Reached skill level 3 in Axes
  1902 | D:3      | Reached XP level 4. HP: 30/40 MP: 3/3
  1904 | D:3      | HP: 8/40 [orc priest/nerve-wracking pain (8)]
  1906 | D:3      | HP: 3/40 [orc/+0 club (4)]
  1907 | D:3      | HP: 1/40 [orc/+0 club (2)]
  1911 | D:3      | Killed from afar by an orc priest

Vanquished Creatures
  An orc priest (D:3)
  2 adders
  2 dart slugs
  3 orcs (D:3)
  4 endoplasms
  A giant cockroach (D:1)
  6 goblins
  3 hobgoblins
  A quokka (D:1)
  7 ball pythons
  8 bats
  4 frilled lizards
  5 kobolds
  3 rats
50 creatures vanquished.

Table legend:
 A = Non-vault XP
 B = Vault XP
 C = Vault XP percentage of total XP
 D = Non-vault monster count
 E = Vault monster count
 F = Vault count percentage of total count
                 A         B        C        D         E       F
            +---------+---------+-------+---------+---------+-------
      Total |     136 |      10 |   6.8 |      43 |       7 |  14.0
            +---------+---------+-------+---------+---------+-------
        D:1 |      27 |       3 |  10.0 |      19 |       3 |  13.6
        D:2 |      28 |       7 |  20.0 |       9 |       4 |  30.8
        D:3 |      81 |       0 |   0.0 |      15 |       0 |   0.0
            +---------+---------+-------+---------+---------+-------

Illustrated notes

Table legend:
 A = Kills in this place as a percentage of kills in entire the game.
 B = Kills by you in this place as a percentage of kills by you in the entire game.
 C = Kills by friends in this place as a percentage of kills by friends in the entire game.
 D = Other kills in this place as a percentage of other kills in the entire game.
 E = Experience gained in this place as a percentage of experience gained in the entire game.
 F = Experience gained in this place divided by the number of levels of this place that you have seen.
                   A       B       C       D       E      F
               +-------+-------+-------+-------+-------+----------------------
         Total | 100.0 | 100.0 |   N/A |   N/A | 100.0 |  48.7
       Dungeon | 100.0 | 100.0 |   N/A |   N/A | 100.0 |  48.7
               +-------+-------+-------+-------+-------+----------------------

Table legend: (Time is in decaauts)
 A = Elapsed time spent in this place.
 B = Non-inter-level travel time spent in this place.
 C = Inter-level travel time spent in this place.
 D = Time resting spent in this place.
 E = Time spent auto-exploring this place.
 F = Levels seen in this place.
 G = Mean time per level.
                   A        B        C        D        E       F      G
               +--------+--------+--------+--------+--------+-----+--------+
         Total |   1949 |   1930 |     19 |     17 |   1313 |   3 |  649.7 |
       Dungeon |   1949 |   1930 |     19 |     17 |   1313 |   3 |  649.7 |
               +--------+--------+--------+--------+--------+-----+--------+

Top non-repeatable levels by time:
     D:1: 1022 daAuts
     D:2: 496 daAuts
     D:3: 430 daAuts
